 Dungeon Crawl Stone Soup version bcrawl-1.18.1 (webtiles) character file.

Game seed: 17809190851073169085

116 Revguard the Sneak (level 5, 0/30 HPs)
             Began as a Vine Stalker Rogue on Nov 14, 2019.
             Killed by divine providence
             ... invoked by an orc priest
              (14 damage)
             ... on level 3 of the Dungeon.
             The game lasted 00:10:54 (1702 turns).

Revguard the Sneak (Vine Stalker Rogue)             Turns: 1702, Time: 00:10:55

Health: 0/30       AC:  3    Str: 11 (12) XL:     5   Next: 1%
Magic:  2/7        EV: 13    Int: 11      God:
Gold:   314        SH:  0    Dex: 16      Spells: 6/6 levels left

rFire    . . .     SeeInvis .   a - +2 dagger
rCold    . . .     Gourm    .   (no shield)
rNeg     . . .     Faith    .   c - +0 robe
rPois    .         Spirit   .   (no helmet)
rElec    .         Reflect  .   d - +0 cloak
rCorr    .         Harm     .   (no gloves)
MR       .....                  (no boots)
Stlth    ++++......             (no amulet)
HPRegen  0.50/turn              (no ring)
MPRegen  0.10/turn              (no ring)

@: no status effects
A: fangs 2, deterioration 1, regeneration 1, weak 1, no potion heal 3, rot
immunity, MP-powered wands, strong jaws
a: no special abilities


You were on level 3 of the Dungeon.
You were not hungry.

You visited 1 branch of the dungeon, and saw 3 of its levels.

You collected 314 gold pieces.

Inventory:

Hand Weapons
 a - a +2 dagger (weapon)
 b - a +0 blowgun
Missiles
 e - 161 poisoned needles
Armour
 c - a +0 robe (worn)
 d - a +0 cloak (worn)
Jewellery
 s - a cursed ring of attention
Wands
 f - a wand of flame (15)
 g - a wand of enslavement (11)
Scrolls
 l - a scroll of magic mapping
 n - a scroll of remove curse {unknown}
 o - a scroll of enchant weapon {unknown}
 p - a scroll of teleportation {unknown}
Potions
 i - a potion of heal wounds
 k - a potion of cancellation
 m - 3 potions of curing
Comestibles
 h - 3 rations {!d}


   Skills:
 + Level 2.2 Fighting
 * Level 2.4 Short Blades
 * Level 2.0 Dodging
 + Level 7.0 Stealth
 + Level 1.0 Spellcasting
 - Level 1.7 Evocations


You had 6 spell levels left.
You didn't know any spells.
Your spell library was empty.

Dungeon Overview and Level Annotations

Branches:
Dungeon (3/12)

Altars:
Qazlal
Uskayaw


Innate Abilities, Weirdness & Mutations

You have extremely sharp teeth.
Your natural rate of healing is unusually fast.
Potions cannot restore your health.
You are immune to rotting.
Your bites deal extra damage.
Your body sometimes deteriorates upon taking damage.
You are weak. (Str -2)
You expend magic power (3 MP) to strengthen your wands.


Message History

You feel sick.
You are no longer poisoned.
A hobgoblin comes into view. It is wielding a +0 club.
Your ooze hits the ogre.
The crimson imp shouts, "Relinquish hope, thou rough-hewn kobold-kissing bladder!"
The quokka bites you.
Your body deteriorates!
You feel weakened. 2 orcs come into view.
The orc shouts!
You hear a shout! x2
An orc priest comes into view.
The orc shouts!
You hit the quokka but do no damage. The quokka closely misses you.
As you read the scroll labeled WOUFFE XYXTUT, it crumbles to dust.
You feel aware of your surroundings.
You sensed 2 altars.
It was a scroll of magic mapping.
The quokka bites you but does no damage.
An orc priest comes into view. It is wielding a +0 flail.
The orc priest invokes the aid of Beogh against you.
Beogh smites you!
You die...

***** ### *****,*,*#######.#
,,,,,,*,,oo.o..o.#
*****,*,*******#@# *,*,* #r#
*,*,* #5# #.#.########g#
#.....##.....# *****
#......'.....# *,,,* #**
#.....##.....# *,,,*****
..###.#.#.##....O####..,,,,,*****
..'....................,,,,,+,,,,


You could see an ogre, 2 orc priests, a crimson imp, 2 orcs, a quokka and a
hobgoblin.

Vanquished Creatures
  A crimson imp (D:3)
  3 adders
  An ooze (D:1)
  A worm (D:1)
  A dart slug (D:2)
  A leopard gecko (D:2)
  3 orcs (D:3)
  4 giant cockroaches
  A goblin (D:2)
  6 hobgoblins
  6 kobolds
  3 quokkas
  A ball python (D:2)
  6 bats
  2 rats (D:2)
40 creatures vanquished.

Vanquished Creatures (others)
  An ooze (D:3)
  A quokka (D:3)
2 creatures vanquished.

Grand Total: 42 creatures vanquished

Notes
Turn   | Place    | Note
-------+----------+-------------------------------------------
     0 | D:1      | Revguard the Vine Stalker Rogue began the quest for the
                  | Orb.
     0 | D:1      | Reached XP level 1. HP: 12/12 MP: 3/3
   180 | D:1      | Reached skill level 6 in Stealth
   297 | D:1      | Reached XP level 2. HP: 17/17 MP: 4/4
   756 | D:2      | Reached XP level 3. HP: 21/21 MP: 5/5
   804 | D:2      | Reached skill level 1 in Dodging
   852 | D:2      | Reached skill level 1 in Spellcasting
  1115 | D:2      | Found a stormy altar of Qazlal.
  1115 | D:2      | Found a hide-covered altar of Uskayaw.
  1297 | D:3      | Reached XP level 4. HP: 20/26 MP: 6/6
  1349 | D:3      | Gained mutation: You are weak. (Str -2) [potion of
                  | mutation]
  1349 | D:3      | Gained mutation: Your body sometimes deteriorates upon
                  | taking damage. [potion of mutation]
  1349 | D:3      | Gained mutation: You expend magic power (3 MP) to
                  | strengthen your wands. [potion of mutation]
  1559 | D:3      | Reached skill level 7 in Stealth
  1672 | D:3      | Reached XP level 5. HP: 8/30 MP: 7/7
  1687 | D:3      | Noticed an ogre
  1702 | D:3      | Killed from afar by an orc priest

Skill      XL: |  1  2  3  4 |
---------------+-------------+-----
Stealth        | 6 7 |  7.0
Fighting       | 2 |  2.2
Dodging        | 1 2 |  2.0
Spellcasting   | 1 |  1.0
Short Blades   | 2 |  2.4
Evocations     | |  1.7

Action                   |  1- 3 |  4- 6 || total
-------------------------+-------+-------++-------
Melee: Dagger            |   174 |    45 ||   219
       Bite              |    17 |     4 ||    21
 Fire: Blowgun           |     9 |     9 ||    18
Evoke: Wand              |     1 |     3 ||     4
  Use: Scroll            |       |     5 ||     5
       Potion            |       |     3 ||     3
 Stab: Sleeping          |    10 |     2 ||    12
  Eat: Chunk             |     1 |     2 ||     3
Armor: Robe              |    41 |    10 ||    51
Dodge: Dodged            |    86 |    19 ||   105
